 Dungeon Crawl Stone Soup version 0.30-a0-728-gc68057be0a (webtiles) character file.

Game seed: 11179846753043723202

15816 iguanaiguana the Transmogrifier (level 12, -6/106 HPs)
             Began as a Meteoran Delver on Jan 29, 2023.
             Was an Initiate of Gozag.
             Mangled by a centaur warrior simulacrum (15 damage)
             ... in a Gauntlet on Jan 30, 2023.
             The game lasted 01:00:36 (5069 turns).

iguanaiguana the Transmogrifier (Meteoran Delver)   Turns: 5069, Time: 01:00:36

Health: -6/106     AC:  9    Str: 13    XL:     12   Next: 99%
Magic:  2/27       EV: 16    Int: 21    God:    Gozag
Gold:   1886       SH:  0    Dex: 20    Spells: 22/31 levels left

rFire   x . .      SeeInvis .    b - +6 dagger of Incongruity {freeze, rElec rF- rCorr Dex+3}
rCold   . . .      Faith    .    B - orb {guile}
rNeg    . . .      Spirit   .    I - +2 ring mail {rPois}
rPois   +          Reflect  .    (no helmet)
rElec   +          Harm     .    (no cloak)
rCorr   +          Rampage  .    p - +0 pair of gloves
Will    .....      NoTele   +    r - +0 pair of boots
Stlth   +                        (no amulet)
HPRegen 0.37/turn                n - +5 ring of evasion
MPRegen 0.20/turn                H - +6 ring of intelligence

@: gold aura, contaminated, glowing
A: sense surroundings 2, otherworldly, glowing, explore regen, weak 1
a: Renounce Religion, Potion Petition, Call Merchant, Bribe Branch


You were in a Gauntlet.
You worshipped Gozag.
Gozag was most pleased with you.
You visited 2 branches of the dungeon, and saw 16 of its levels.
You also visited: Gauntlet and Volcano.

You collected 2306 gold pieces.
You spent 420 gold pieces at shops.

Inventory:

Hand Weapons
 a - a +3 demon whip of venom
 b - the +6 dagger of Incongruity (weapon) {freeze, rElec rF- rCorr Dex+3}
   (You found it on level 4 of the Dungeon)

   Dex:       It affects your dexterity (+3).
   rF:        It makes you vulnerable to fire.
   rElec:     It insulates you from electricity.
   rCorr:     It protects you from acid and corrosion.
 O - a +0 triple crossbow
Missiles
 u - 46 poisoned darts (quivered)
 J - a boomerang
 Q - 4 javelins
Armour
 f - a +0 leather armour
 p - a +0 pair of gloves (worn)
 r - a +0 pair of boots (worn)
 t - a +0 plate armour
 B - an orb of guile (worn)
 I - a +2 ring mail of poison resistance (worn)
Jewellery
 n - a +5 ring of evasion (left hand)
 o - a +6 ring of strength
 q - a ring of willpower
 y - a +6 ring of strength
 D - a +6 ring of dexterity
 H - a +6 ring of intelligence (right hand)
 N - a ring of resist corrosion
Wands
 g - a wand of digging (3) {@v3}
 m - a wand of charming (2)
Scrolls
 c - a scroll of fog
 d - 4 scrolls of magic mapping {@r5}
 e - 2 scrolls of fear
 h - a scroll of immolation
 i - 2 scrolls of teleportation {@r3}
 j - a scroll of torment
 x - 2 scrolls of amnesia
 C - a scroll of vulnerability {unknown}
 G - a scroll of enchant armour {unknown}
 K - 2 scrolls of noise
Potions
 k - 2 potions of curing {@q1}
 l - 3 potions of heal wounds {@q2}
 s - 4 potions of lignification
 v - a potion of might {@q3}
 z - 2 potions of brilliance
 A - 2 potions of mutation
 E - 2 potions of ambrosia
 F - a potion of berserk rage {unknown}
 M - a potion of resistance {unknown}
 R - a potion of flight {unknown}
 S - a potion of cancellation {unknown}


   Skills:
 - Level 10.0 Fighting
 - Level 6.0 Short Blades
 + Level 5.1 Maces & Flails
 - Level 2.7 Dodging
 - Level 3.8 Stealth
 - Level 10.0 Spellcasting
 - Level 9.0 Conjurations
 - Level 0.8 Translocations
 - Level 12.0 Transmutations
 - Level 1.3 Ice Magic
 - Level 8.0 Earth Magic


You had 22 spell levels left.
You knew the following spells:

 Your Spells              Type           Power      Damage    Failure   Level
a - Irradiate             Conj/Tmut      26%        3d20      5%          5
b - Petrify               Tmut/Erth      51%        N/A       2%          4

Your spell library contained the following spells:

 Spells                   Type           Power      Damage    Failure   Level
 Hailstorm                Conj/Ice       32%        3d8       4%          3
 Freeze                   Ice            64%        1d7       9%          1
 Ice Form                 Ice/Tmut       38%        N/A       9%          4
 Sublimation of Blood     Necr           10%        N/A       22%         2
 Frozen Ramparts          Ice            32%        1d5       24%         3
 Manifold Assault         Tloc           13%        N/A       71%         4
 Dispersal                Tloc           6%         N/A       100%        6
 Disjunction              Tloc           6%         N/A       100%        8
 Simulacrum               Ice/Necr       Unusable   N/A       N/A         6

Dungeon Overview and Level Annotations

Branches:
Dungeon (11/15) Zot: 2673  Temple (0/1) D:4            Lair (5/5) D:9 Zot: 2027
Volcano (visited)         Gauntlet (1/1) Zot: 580
  Swamp: Lair:2-3    Shoals: Lair:2-3     Snake: Lair:2-3    Spider: Lair:2-3
  Slime: Lair:4-5       Orc: D:9-12

Altars:
Elyvilon
Fedhas
Gozag
Uskayaw
Wu Jian
The Shining One
Jiyva

Shops:
D:6 :

Annotations:
D:4 3 runed translucent doors, jimonade's ghost, novice FoHu
Lair:4 3 runed translucent doors, exclusion: 3 doors, Beavis's ghost, journeyman DsFE Gauntlet 2 transporters


Innate Abilities, Weirdness & Mutations

You passively map the area around you.
You are easily found by Zot.
You glow in the dark.
You regain HP and MP as you explore.
You are weak. (Str -2)


Message History

You hit the centaur warrior simulacrum.
The centaur warrior simulacrum is moderately damaged.
The centaur warrior simulacrum is no longer distracted by gold.
The centaur warrior simulacrum stops moving altogether!
The centaur warrior simulacrum hits you!
The centaur warrior simulacrum freezes you!!
* * * LOW HITPOINT WARNING * * *
The helpless centaur warrior simulacrum fails to defend itself.
You perforate the centaur warrior simulacrum like a sieve!!!
The centaur warrior simulacrum is almost destroyed.
The centaur warrior simulacrum is distracted by your dazzling golden aura.
The helpless centaur warrior simulacrum fails to defend itself.
You spit the centaur warrior simulacrum like a pig!!!
The centaur warrior simulacrum vaporises!
The death scarab is no longer distracted by gold.
Your Maces & Flails skill increases to level 5!
Casting: Petrify (mildly dangerous; 2% risk of failure)
Confirm with . or Enter, or press ? or * to list all spells.
You erupt in a fountain of uncontrolled magic!
The centaur warrior simulacrum is blasted with magical radiation!!
The centaur warrior simulacrum is no longer distracted by gold.
The centaur warrior simulacrum is severely damaged.
The centaur warrior simulacrum is blasted with magical radiation!!
The centaur warrior simulacrum is severely damaged.
You are contaminated with residual magic.
The centaur warrior simulacrum stops moving altogether!
The centaur warrior simulacrum hits you.
* * * LOW HITPOINT WARNING * * *
The centaur warrior simulacrum freezes you!!
* * * LOW HITPOINT WARNING * * *
Okay, then.
Aiming: Charm
Press: ? - help, Shift-Dir - straight line, f - centaur warrior simulacrum, p - centaur warrior simulacrum
Aim: a centaur warrior simulacrum (freezing vapour, severely damaged, chance to affect: 66%)
The centaur warrior simulacrum resists with significant effort.
The centaur warrior simulacrum kicks you.
* * * LOW HITPOINT WARNING * * *
The centaur warrior simulacrum freezes you!
You die...
Your body crumbles into a pile of gold. ####≈≈≈≈≈#### #≈≈...♣...≈≈# #≈..∩...∩..≈# ***#.....©.....#### ≈..#########..≈≈# ...#....##.#...≈# ** .♣.##..##..#.♣..## * ~ PP.

##.#.ZZ#.....≈~*
,, P.
*.##°##@#..P♣.,~ *
,P,
#.ZZ#.###..P... *
, ,,
.#..##..##.♣PPP♣
..#.##©.!!#......
**
*#################
*
......©.........©
, *
#################
*, , .......
..###BZ * ,, , *
** ,*


You could see a spectral komodo dragon, a death scarab and 2 centaur warrior
simulacra.

Vanquished Creatures
  A catoblepas (Lair:4)
  Urug (Lair:1)
  Amaemon (Lair:2)
  2 black mambas
  An orange demon (Lair:2)
  5 cane toads
  5 rime drakes
  4 komodo dragons
  2 polar bears
  4 dream sheep (Lair:4)
  2 centaur simulacra (Gauntlet)
  2 wyverns
  Eustachio (D:5)
  3 fire bats (Lair:1)
  18 yaks
  4 basilisks
  2 water moccasins
  A black bear (D:9)
  Duvessa (D:4)
  An orc warrior (D:7)
  An ice beast (D:6)
  A sky beast (D:7)
  5 wolves
  A centaur (D:7)
  2 kobold brigands
  9 bullfrogs
  A necrophage (D:6)
  Dowan (D:4)
  12 wights
  3 howler monkeys (D:9)
  2 hounds
  A wyvern simulacrum (Gauntlet)
  2 gnoll boudas
  5 orc priests
  3 iguanas
  A jelly (D:5)
  Jessica (D:3)
  4 orc wizards
  A bullfrog simulacrum (D:7)
  10 gnolls
  13 adders
  An ufetubus (D:5)
  A worm (D:5)
  2 dart slugs
  20 orcs
  5 ball pythons
  4 endoplasms
  10 giant cockroaches
  3 hobgoblins
  3 jackals (D:1)
  2 quokkas (D:6)
  4 bats (D:1)
  2 frilled lizards (D:1)
  8 goblins
  12 kobolds
  5 rats
222 creatures vanquished.

Vanquished Creatures (collateral kills)
  An elephant (D:9)
  A sky beast (D:7)
  An orc wizard (D:8)
  A white imp (D:7)
  An orc (D:8)
  A kobold (D:7)
6 creatures vanquished.

Vanquished Creatures (others)
  2 yaks (D:8)
  2 wyverns
  An acid dragon (D:8)
  A water moccasin (D:7)
  2 orc warriors (D:8)
  An ogre (D:7)
  A wight (D:8)
  An orc wizard (D:8)
  An orc (D:8)
  A bush (Lair:1)
  11 fungi
  23 plants
47 creatures vanquished.

Grand Total: 275 creatures vanquished

Notes
Turn   | Place    | Note
-------+----------+-------------------------------------------
     0 | D:5      | iguanaiguana the Meteoran Delver began the quest for the
                  | Orb.
     0 | D:5      | Reached XP level 1. HP: 19/19 MP: 2/2
   104 | D:5      | Reached XP level 2. HP: 21/26 MP: 3/3
   117 | D:4      | Noticed Duvessa
   117 | D:4      | Noticed Dowan
   120 | D:4      | Identified the +6 dagger of Incongruity {freeze, rElec rF-
                  | rCorr Dex+3}
   126 | D:3      | Noticed Jessica
   132 | D:3      | Killed Jessica
   133 | D:3      | Reached XP level 3. HP: 26/34 MP: 4/4
   144 | D:3      | Reached XP level 4. HP: 36/41 MP: 5/5
   152 | D:3      | Found a hide-covered altar of Uskayaw.
   257 | D:4      | Found a runed translucent gate.
   257 | D:4      | Found a runed translucent gate.
   257 | D:4      | Found a runed translucent gate.
   258 | D:4      | Noticed jimonade's ghost (novice FoHu)
   258 | D:4      | Noticed a kobold brigand
   291 | D:2      | Reached skill level 5 in Fighting
   355 | D:1      | Reached XP level 5. HP: 48/48 MP: 6/6
   355 | D:1      | Found a faded altar of an unknown god.
   534 | D:1      | Prayed at the altar of an unknown god.
   534 | D:1      | Became a worshipper of Gozag Ym Sagoz the Greedy
   777 | D:2      | Reached skill level 1 in Spellcasting
   821 | D:2      | Reached skill level 1 in Ice Magic
  1040 | D:3      | Found a white marble altar of Elyvilon.
  1041 | D:3      | Found a glowing golden altar of the Shining One.
  1165 | D:4      | Reached XP level 6. HP: 31/56 MP: 9/11
  1330 | D:4      | Found a staircase to the Ecumenical Temple.
  1362 | D:4      | Killed Duvessa
  1390 | D:4      | Killed Dowan
  1391 | D:4      | Reached skill level 5 in Spellcasting
  1391 | D:4      | Reached XP level 7. HP: 60/61 MP: 13/15
  1686 | D:5      | Noticed Eustachio
  1716 | D:5      | Killed Eustachio
  1717 | D:5      | Reached XP level 8. HP: 64/68 MP: 18/18
  1753 | D:5      | Reached skill level 5 in Short Blades
  1801 | D:5      | Found a blossoming altar of Fedhas.
  2249 | D:6      | Found Nosy's Book Emporium.
  2252 | D:6      | Bought a book of Alchemy for 420 gold pieces
  2283 | D:6      | Reached skill level 1 in Conjurations
  2283 | D:6      | Reached skill level 1 in Transmutations
  2404 | D:6      | Reached skill level 2 in Transmutations
  2533 | D:6      | Reached skill level 3 in Transmutations
  2533 | D:6      | Gained mutation: You passively map the area around you.
                  | [Meteoran growth]
  2533 | D:6      | Reached XP level 9. HP: 60/74 MP: 19/19
  2571 | D:6      | Reached skill level 4 in Transmutations
  2633 | D:7      | Reached skill level 5 in Conjurations
  2633 | D:7      | Reached skill level 5 in Transmutations
  2697 | D:7      | Found an ornate altar of the Wu Jian Council.
  2814 | D:7      | Reached skill level 6 in Transmutations
  3026 | D:7      | Reached skill level 7 in Transmutations
  3029 | D:7      | Reached XP level 10. HP: 62/83 MP: 20/20
  3313 | D:8      | Learned a level 5 spell: Irradiate
  3320 | D:8      | Learned a level 4 spell: Petrify
  3358 | D:8      | Reached skill level 1 in Earth Magic
  3450 | D:8      | Reached skill level 5 in Earth Magic
  3752 | D:9      | Reached skill level 8 in Transmutations
  3804 | D:10     | Entered Level 10 of the Dungeon
  3885 | D:9      | Found a staircase to the Lair.
  3885 | D:9      | Noticed an elephant
  3908 | D:9      | Killed an elephant
  3909 | D:9      | Reached skill level 9 in Transmutations
  3967 | Lair:1   | Entered Level 1 of the Lair of Beasts
  3968 | Lair:1   | Upgraded the game from 0.30-a0-723-gc1506a1cf0 to
                  | 0.30-a0-728-gc68057be0a
  3980 | Lair:1   | Noticed a black mamba
  3997 | Lair:1   | Reached skill level 10 in Transmutations
  4004 | Lair:1   | Killed a black mamba
  4005 | Lair:1   | Reached XP level 11. HP: 33/89 MP: 5/21
  4166 | Lair:1   | Reached skill level 11 in Transmutations
  4237 | Lair:1   | Noticed Urug
  4248 | Lair:1   | Killed Urug
  4258 | Lair:1   | Gained mutation: You are weak. (Str -2) [mutagenic glow]
  4403 | Lair:1   | Found a dark tunnel.
  4473 | Volcano  | Entered a volcano
  4479 | Lair:1   | Reached skill level 10 in Spellcasting
  4528 | Lair:2   | Noticed Amaemon
  4540 | Lair:2   | Killed Amaemon
  4541 | Lair:2   | Reached XP level 12. HP: 83/100 MP: 13/27
  4844 | Lair:5   | Entered Level 5 of the Lair of Beasts
  4877 | Lair:4   | Noticed a catoblepas
  4890 | Lair:4   | Killed a catoblepas
  4891 | Lair:4   | Reached skill level 10 in Fighting
  4911 | Lair:4   | Found a runed translucent gate.
  4913 | Lair:4   | Found a runed translucent gate.
  4913 | Lair:4   | Found a runed translucent gate.
  4913 | Lair:4   | Noticed an azure jelly
  4914 | Lair:4   | Noticed Beavis's ghost (journeyman DsFE)
  4915 | Lair:4   | Noticed a quicksilver ooze
  4915 | Lair:4   | Noticed an acid blob
  4916 | Lair:4   | Noticed an acid blob
  4916 | Lair:4   | Noticed an acid blob
  4916 | Lair:4   | Noticed an acid blob
  4917 | Lair:4   | Noticed an azure jelly
  4917 | Lair:4   | Noticed an azure jelly
  4918 | Lair:4   | Found a viscous altar of Jiyva.
  4918 | Lair:4   | Noticed an acid blob
  4998 | Lair:4   | Reached skill level 12 in Transmutations
  4999 | Lair:4   | Reached skill level 1 in Maces & Flails
  5040 | Lair:4   | Found a gate leading to a gauntlet.
  5049 | Gauntlet | Entered a Gauntlet
  5049 | Gauntlet | Found a transporter.
  5052 | Gauntlet | Found a transporter.
  5052 | Gauntlet | Found a transporter.
  5058 | Gauntlet | Noticed a death scarab
  5068 | Gauntlet | Reached skill level 5 in Maces & Flails
  5069 | Gauntlet | Mangled by a centaur warrior simulacrum

Illustrated notes

Levels and vault maps discovered:
D:1:      sevenhm_arrival_forest_fort_large_2, layout_basic,
          chequers_ecumenical_altar_simple
D:2:      layout_loops_ring
D:3:      cheibrodos_helix_gallery, layout_basic, lemuel_round_altar,
          nicolae_uskayaw_murder_on_the_dancefloor,
          mainiacjoe_overflow_divided_tiny, st_stairs_4,
          minmay_misc_feat_nine_boxes, uniq_jessica
D:4:      layout_rooms, mainiacjoe_overflow_alcove_1,
          minmay_temple_entry_statues_fountains, gammafunk_ghost_nasty_kobolds,
          serial_glass, glass_columns_c, glass_columns_a, kennysheep_dice,
          uniq_duvessa
D:5:      layout_rooms, fedhas_altar_2, kennysheep_mini_moat, chequers_avenue,
          corexii_corridor_pit, uniq_eustachio
D:6:      layout_basic, gup_sewer_entry_spiral, serial_shops, shop,
          grunt_ministairs_12
D:7:      layout_rooms, mainiacjoe_overflow_cross_hatched, minmay_three_doors
D:8:      layout_basic, serial_rivers, chequers_serial_rivers_large_a,
          chequers_serial_rivers_micro_c, chequers_serial_rivers_small_3,
          chequers_serial_rivers_large_b, chequers_serial_rivers_micro_d,
          chequers_serial_rivers_room_b
D:9:      layout_roguey, david_lair_generic, minmay_misc_feat_tower
D:10:     layout_stronghold, lemuel_crystal_altar, hiddenorc1_lemuel
D:11:     minmay_the_grid_triangle_9x9_rhombus_thin
          [minmay_the_grid_triangle_9x9_pentomino_pain,
          minmay_the_grid_triangle_9x9_prize_center,
          minmay_the_grid_triangle_9x9_minimal,
          minmay_the_grid_triangle_9x9_longest], layout_irregular_city
Lair:1:   layout_regular_city, serial_forest, infiniplex_forest_clump_tiny,
          infiniplex_forest_straight_3, infiniplex_forest_end_1,
          infiniplex_forest_lined_corner, infiniplex_forest_lined_2,
          infiniplex_forest_clump_curved, basic_altar,
          nicolae_volcano_entry_two_sided, grunt_megastairs_3, uniq_urug
Lair:2:   layout_layer_cave, nicolae_snake_entry_squirm, uniq_amaemon
Lair:3:   layout_gridlike, minmay_shoals_entry_beasts
Lair:4:   layout_cave_pods, gammafunk_ghost_ooze, gauntlet_entry_generic
Lair:5:   grunt_lair_end_beastmaster, layout_cave_shapes, slime_entry_1,
          nicolae_quartered_pool_super, uniq_nessos
Gauntlet: minmay_gauntlet_77_tree [minmay_gauntlet_arena_77_fan,
          minmay_gauntlet_arena_77_cramped, minmay_gauntlet_arena_77_two_lines,
          minmay_gauntlet_arena_77_hold_the_fort, minmay_gauntlet_arena_77_box,
          minmay_gauntlet_arena_77_museum, minmay_gauntlet_arena_77_shame_cube,
          gauntlet_exit_green]

Skill      XL: |  1  2  3  4  5  6  7  8  9 10 11 12 |
---------------+-------------------------------------+-----
Fighting       | 4 5 7 10 | 10.0
Spellcasting   | 2 5 6 10 | 10.0
Ice Magic      | 1 |  1.3
Short Blades   | 4 6 |  6.0
Conjurations   | 3 7 9 |  9.0
Transmutations | 3 7 10 11 12 | 12.0
Earth Magic    | 7 8 |  8.0
Maces & Flails | 5 |  5.1
Dodging        | |  2.7
Stealth        | |  3.8
Translocations | |  0.8

Action                     |  1- 3 |  4- 6 |  7- 9 | 10-12 || total
---------------------------+-------+-------+-------+-------++-------
  Melee: Short sword       |    10 |       |       |       ||    10
         Dagger            |     4 |   122 |   364 |   229 ||   719
         Punch             |       |     2 |     7 |       ||     9
         Demon whip        |       |       |       |    26 ||    26
  Throw: Dart              |       |     1 |       |     3 ||     4
   Cast: Petrify           |       |       |       |    60 ||    60
         Irradiate         |       |       |       |    36 ||    36
  Evoke: Wand              |       |       |     4 |    21 ||    25
    Use: Potion            |     2 |     2 |       |       ||     4
         Scroll            |       |     4 |     6 |     4 ||    14
   Stab: Distracted        |       |     1 |     2 |     2 ||     5
         Sleeping          |       |     1 |       |       ||     1
         Petrified         |       |       |       |    34 ||    34
         Petrifying        |       |       |       |    19 ||    19
 Armour: Leather armour    |     2 |    11 |       |       ||    13
         Plate armour      |       |    34 |   131 |    11 ||   176
         Ring mail         |       |       |       |    68 ||    68
  Dodge: Dodged            |     3 |    57 |   131 |   222 ||   413

Table legend: (Time is in decaauts)
 A = Elapsed time spent in this place.
 B = Non-inter-level travel time spent in this place.
 C = Inter-level travel time spent in this place.
 D = Time resting spent in this place.
 E = Time spent auto-exploring this place.
 F = Levels seen in this place.
 G = Mean time per level.
                   A        B        C        D        E       F      G
               +--------+--------+--------+--------+--------+-----+--------+
         Total |   4921 |   4409 |    512 |      0 |      0 |  18 |  273.4 |
       Dungeon |   3926 |   3445 |    481 |      0 |      0 |  11 |  356.9 |
          Lair |    972 |    941 |     31 |      0 |      0 |   5 |  194.4 |
       Volcano |      3 |      3 |      0 |      0 |      0 |   1 |    3.0 |
      Gauntlet |     18 |     18 |      0 |      0 |      0 |   1 |   18.0 |
               +--------+--------+--------+--------+--------+-----+--------+

Top non-repeatable levels by time:
     D:6: 645 daAuts
     D:8: 626 daAuts
     D:5: 499 daAuts
  Lair:1: 465 daAuts
     D:7: 451 daAuts
     D:1: 407 daAuts
     D:4: 401 daAuts
     D:9: 292 daAuts
     D:3: 291 daAuts
     D:2: 283 daAuts
  Lair:4: 219 daAuts
  Lair:3: 174 daAuts
  Lair:2: 105 daAuts
    D:10: 25 daAuts
Gauntlet: 18 daAuts
